 Dungeon Crawl Stone Soup version 0.21-a0-401-g0b6bec4 (webtiles) character file.

1781 graki42 the Shield-Bearer (level 9, -3/81 HPs)
             Began as a Gargoyle Fighter on Oct 25, 2017.
             Slain by graki42's ghost (17 damage)
             ... on level 7 of the Dungeon.
             The game lasted 00:11:57 (6251 turns).

graki42 the Shield-Bearer (Gargoyle Fighter)        Turns: 6251, Time: 00:11:57

Health: -3/81      AC: 19    Str: 28    XL:     9   Next: 8%
Magic:  9/9        EV: 10    Int:  9    God:
Gold:   293        SH: 12    Dex:  9    Spells: 8/8 levels left

rFire    + . .     SeeInvis .   a - +1 flail
rCold    . . .     Gourm    .   c - +1 shield
rNeg     + . .     Faith    .   k - +0 chain mail
rPois    ∞         Spirit   .   (no helmet)
rElec    +         Reflect  .   (no cloak)
rCorr    .         Harm     .   (no gloves)
MR       .....                  D - +2 pair of boots
Stlth    ..........             (no amulet)
HPRegen  0.23/turn              u - +3 ring of evasion
MPRegen  0.11/turn              v - ring of protection from fire

@: berserking (expiring), very quick
A: negative energy resistance 1, electricity resistance, unbreathing,
petrification resistance, rot immunity, AC +6
a: no special abilities


You were on level 7 of the Dungeon.
You were hungry.

You visited 2 branches of the dungeon, and saw 8 of its levels.
You also visited: Ossuary.

You collected 293 gold pieces.

Inventory:

Hand Weapons
 a - a +1 flail (weapon)
Armour
 c - a +1 shield (worn)
 k - a +0 chain mail (worn)
 D - a +2 pair of boots (worn)
Jewellery
 u - a +3 ring of evasion (left hand)
 v - a ring of protection from fire (right hand)
Wands
 m - a wand of flame (31/48)
 B - a wand of random effects (7/48)
 E - a wand of disintegration (23/24)
Scrolls
 b - 3 scrolls of identify
 e - a scroll of fog
 p - a scroll of amnesia
 q - 3 scrolls of teleportation
 r - 3 scrolls of remove curse
 s - 2 scrolls of fear {unknown}
 w - 4 scrolls of recharging
Potions
 d - 2 potions of might
 g - 2 potions of degeneration
 i - a potion of berserk rage
 j - a potion of flight {unknown}
 l - 2 potions of curing
 n - a potion of brilliance {unknown}
 o - a potion of haste
 t - 2 potions of invisibility {unknown}
 x - a potion of cancellation
 z - 2 potions of agility
Comestibles
 f - 7 bread rations
 h - a royal jelly
 A - a meat ration
 C - 5 fruits


   Skills:
 + Level 5.5 Fighting
 + Level 7.5 Maces & Flails
 + Level 5.2 Armour
 + Level 1.7 Dodging
 + Level 0.2 Stealth
 + Level 7.6 Shields


You had 8 spell levels left.
You didn't know any spells.

Dungeon Overview and Level Annotations

Branches:
Dungeon (7/15)             Temple (1/1) D:7

Altars:
Ashenzari
Cheibriados
Dithmenos
Elyvilon
Fedhas
Gozag
Hepliaklqana
Kikubaaqudgha
Makhleb
Nemelex Xobeh
Okawaru
Qazlal
Ru
Sif Muna
Trog
Vehumet
Wu Jian
Xom
Yredelemnul
Zin
The Shining One

Annotations:
D:7 graki42's ghost, novice GrFi


Innate Abilities, Weirdness & Mutations

You are resistant to torment.
Your stone body is resilient. (AC +6)
You are immune to poison.
You resist negative energy. (rN+)
You are resistant to electric shocks. (rElec)
You can survive without breathing.
You are immune to petrification.
You are immune to rotting.


Message History

Graki42's ghost is moderately damaged.
You block graki42's ghost's attack.
You bludgeon graki42's ghost!!
Graki42's ghost is heavily damaged.
You bludgeon graki42's ghost!!
Graki42's ghost is almost destroyed.
You block graki42's ghost's attack.
You closely miss graki42's ghost.
Graki42's ghost is almost destroyed.
Graki42's ghost barely misses you.
You hit graki42's ghost but do no damage.
Graki42's ghost is almost destroyed.
Graki42's ghost hits you!
* * * LOW HITPOINT WARNING * * *
You closely miss graki42's ghost.
Graki42's ghost is almost destroyed.
You hit graki42's ghost but do no damage.
Graki42's ghost is almost destroyed.
Graki42's ghost hits you!
You die...

..)## #.##.#########.## ##.#
#.##.# #...# .#.#######.##.#
#...# .#......##.##.# #...#
## .######.##.##.#
#...#######8 ###*
##.##.##.########.........8.
P.^*
#.........#..........####...
..^*
#..##.##..#........#.####...
_P.*
#..##.##..#@.####.##......8.
..,###..##.....W..##
#.#########⌠
,P,#......#.#####..# #.# ##
##*###>.##..# ##..###.# .#,*
#......# ##.......#
##.###.###..###....#####
*.......<..##.....#
*#######.........##
########.##


You could see graki42's ghost.

Vanquished Creatures
  2 ice beasts
  3 bullfrogs (D:6)
  A gnoll sergeant (D:7)
  3 water moccasin zombies (Ossuary)
  2 scorpions (D:5)
  2 bullfrog zombies (D:5)
  2 crimson imps (D:5)
  A centaur zombie (D:6)
  3 hounds
  2 orc priests
  An iguana (D:5)
  5 orc wizards
  4 worker ants
  3 big kobold zombies (Ossuary)
  A hound zombie (D:6)
  A hound skeleton (D:5)
  2 mummies (Ossuary)
  6 adders
  9 gnolls
  3 oozes
  5 adder zombies (Ossuary)
  2 adder skeletons
  6 worms
  3 dart slugs
  8 leopard geckos
  24 orcs
  12 bats
  6 giant cockroaches
  16 goblins
  11 hobgoblins
  2 jackals (D:4)
  11 kobolds
  2 quokkas
  A ball python (D:2)
  4 frilled lizards
  2 gnoll zombies (Ossuary)
  6 hobgoblin zombies (Ossuary)
  4 kobold zombies (Ossuary)
  A leopard gecko skeleton (D:4)
  6 orc zombies (Ossuary)
  16 rats
204 creatures vanquished.

Vanquished Creatures (others)
  An orc wizard (D:5)
1 creature vanquished.

Grand Total: 205 creatures vanquished

Notes
Turn   | Place    | Note
-------+----------+-------------------------------------------
     0 | D:1      | graki42 the Gargoyle Fighter began the quest for the Orb.
     0 | D:1      | Reached XP level 1. HP: 14/14 MP: 1/1
    43 | D:1      | Reached XP level 2. HP: 14/19 MP: 2/2
   360 | D:1      | Reached XP level 3. HP: 21/24 MP: 3/3
  1325 | D:1      | Reached XP level 4. HP: 25/29 MP: 4/4
  1607 | D:2      | Reached XP level 5. HP: 17/33 MP: 5/5
  2783 | D:3      | Reached XP level 6. HP: 39/39 MP: 6/6
  2892 | D:4      | Found a hazy altar of Hepliaklqana.
  3103 | D:4      | Found a sparkling altar of Nemelex Xobeh.
  3141 | D:4      | Found a snail-covered altar of Cheibriados.
  3348 | D:5      | Entered Level 5 of the Dungeon
  3393 | D:5      | Reached skill level 5 in Shields
  3424 | D:5      | Reached XP level 7. HP: 35/44 MP: 7/7
  3489 | D:5      | Reached skill level 1 in Dodging
  3851 | D:5      | Reached skill level 5 in Maces & Flails
  3931 | D:5      | Found a shattered altar of Ashenzari.
  3957 | D:5      | Found a basalt altar of Yredelemnul.
  4145 | D:5      | Reached XP level 8. HP: 48/48 MP: 8/8
  4375 | D:6      | Reached skill level 5 in Fighting
  4780 | D:6      | Reached skill level 5 in Armour
  5120 | D:7      | Found a sand-covered staircase.
  5178 | Ossuary  | Entered an ossuary
  5450 | Ossuary  | Reached XP level 9. HP: 50/54 MP: 9/9
  5636 | D:7      | Found a staircase to the Ecumenical Temple.
  5640 | Temple   | Entered the Ecumenical Temple
  6093 | D:7      | Found a sacrificial altar of Ru.
  6172 | D:7      | Found a shadowy altar of Dithmenos.
  6185 | D:7      | Found a stormy altar of Qazlal.
  6187 | D:7      | Found an ornate altar of the Wu Jian Council.
  6215 | D:7      | Noticed graki42's ghost (novice GrFi)
  6251 | D:7      | Slain by graki42's ghost

Vault maps used:
D:1:      dpeg_arrival_round_a
D:4:      overflow_temple_1_default, old_standard_altar, lemuel_round_altar,
          first_bread
D:5:      ashenzari_altar_1, yredelemnul_altar_generic
D:7:      nicolae_ru_the_path_less_chosen, minitemple,
          minmay_temple_entry_nine_rooms, enter_ossuary_1
Temple:   oiseaux_autumnal_temple
Ossuary:  ossuary_tomb_2

Skill      XL: |  1  2  3  4  5  6  7  8 |
---------------+-------------------------+-----
Fighting       | 4 5 |  5.5
Shields        | 4 5 6 7 |  7.6
Maces & Flails | 3 4 5 7 |  7.5
Armour         | 4 5 |  5.2
Dodging        | 1 |  1.7
Stealth        | |  0.2

Action                   |  1- 3 |  4- 6 |  7- 9 || total
-------------------------+-------+-------+-------++-------
Melee: Flail             |   144 |   435 |   531 ||  1110
  Use: Scroll            |       |       |    17 ||    17
       Potion            |       |       |     1 ||     1
  Eat: Chunk             |     1 |     8 |    10 ||    19
Armor: Scale mail        |    78 |     3 |       ||    81
       Chain mail        |       |   279 |   265 ||   544
Dodge: Dodged            |    49 |   132 |   183 ||   364
Block: Shield            |    85 |   271 |   358 ||   714

Table legend:
 A = Spawn XP
 B = Non-spawn XP
 C = Spawn XP percentage of total XP
 D = Spawn monster count
 E = Non-spawn monster count
 F = Spawn count percentage of total count
 G = Total turns spent on level
                    A         B        C        D         E        F      G
               +---------+---------+-------+---------+---------+-------+---------
         Total |       0 |    2545 |   0.0 |       0 |     205 |   0.0 |  6251
               +---------+---------+-------+---------+---------+-------+---------
           D:1 |       0 |     110 |   0.0 |       0 |      37 |   0.0 |  1418
           D:2 |       0 |     101 |   0.0 |       0 |      33 |   0.0 |   760
           D:3 |       0 |     109 |   0.0 |       0 |      34 |   0.0 |   630
           D:4 |       0 |     196 |   0.0 |       0 |      16 |   0.0 |   540
           D:5 |       0 |     705 |   0.0 |       0 |      32 |   0.0 |   991
           D:6 |       0 |     647 |   0.0 |       0 |      14 |   0.0 |   747
           D:7 |       0 |     294 |   0.0 |       0 |       8 |   0.0 |   598
       Ossuary |       0 |     383 |   0.0 |       0 |      31 |   0.0 |   348
               +---------+---------+-------+---------+---------+-------+---------
